 Dungeon Crawl Stone Soup version 0.30-a0-782-ge64f9170bb (webtiles) character file.

Game seed: 7543608999286930904

2 Bnni the Stinger (level 1, -1/13 HPs)
             Began as a Formicid Venom Mage on Mar 2, 2023.
             Frozen to death by an endoplasm (5 damage)
             ... on level 1 of the Dungeon.
             The game lasted 00:00:33 (174 turns).

Bnni the Stinger (Formicid Venom Mage)               Turns: 174, Time: 00:00:33

Health: -1/13      AC:  2    Str: 12    XL:     1   Next: 44%
Magic:  2/3        EV: 12    Int: 14    God:
Gold:   23         SH:  0    Dex: 14    Spells: 3/4 levels left

rFire   . . .      SeeInvis +    e - +0 club
rCold   . . .      Faith    .    (no shield)
rNeg    . . .      Spirit   .    a - +0 robe
rPois   .          Reflect  .    (helmet unavailable)
rElec   .          Harm     .    (no cloak)
rCorr   .          Rampage  .    (no gloves)
Will    .....                    (no boots)
Stlth   ++                       (no amulet)
HPRegen 0.22/turn                (no ring)
MPRegen 0.08/turn                (no ring)

@: no status effects
A: permanent stasis, dig shafts and tunnels, antennae 3, four strong arms
a: Dig, Shaft Self


You were on level 1 of the Dungeon.
You visited 1 branch of the dungeon, and saw 1 of its levels.

You collected 23 gold pieces.

Inventory:

Hand Weapons
 e - a +0 club (weapon)
Armour
 a - a +0 robe (worn)
Scrolls
 d - a scroll of poison {unknown}
 g - a scroll of identify {unknown}
Potions
 b - a potion of magic
 c - a potion of flight {unknown}
 f - 2 potions of might {unknown}


   Skills:
 + Level 0.2 Fighting
 - Level 1.7 Dodging
 - Level 2.4 Stealth
 + Level 2.2 Spellcasting
 - Level 1.1 Transmutations
 * Level 4.1 Poison Magic


You had 3 spell levels left.
You knew the following spells:

 Your Spells              Type           Power      Damage    Failure   Level
a - Sting                 Tmut/Pois      32%        1d4       8%          1

Your spell library contained the following spells:

 Spells                   Type           Power      Damage    Failure   Level
 Poisonous Vapours        Pois/Air       14%        N/A       16%         2
 Foxfire                  Conj/Fire      4%         2x1d4     24%         1
 Mephitic Cloud           Conj/Pois/Air  5%         N/A       36%         3
 Olgreb's Toxic Radiance  Pois           13%        N/A       38%         4
 Fireball                 Conj/Fire      0%         3d3       100%        5
 Starburst                Conj/Fire      0%         6d3       100%        6


Dungeon Overview and Level Annotations

Branches:
Dungeon (1/15)

Altars:


Innate Abilities, Weirdness & Mutations

You cannot be hasted, slowed, berserked, paralysed or teleported.
You can dig through walls and to a lower floor.
You have a pair of large antennae on your head. (SInv)
Your four strong arms can wield two-handed weapons with a shield.


Message History

You see here a +0 club.
e - a +0 club
e - a +0 club (weapon)
You now have 23 gold pieces (gained 8).
You see here 4 stones.
Found a stone staircase leading down.
f - 2 coppery potions
g - a scroll labelled ECKOTE NIASO You sense a monster nearby.
A quokka comes into view.
You see here an orb of energy.
Found a golden potion.
An endoplasm comes into view.
The endoplasm quivers.
The helpless quokka fails to defend itself.
You hit the quokka.
The quokka is severely wounded.
The quokka barely misses you.
You hit the quokka.
The quokka is almost dead.
The quokka bites you. The quokka completely misses you.
The endoplasm closely misses you.
You hit the quokka.
You kill the quokka!
The endoplasm hits you.
You hit the endoplasm.
The endoplasm is moderately wounded.
The endoplasm freezes you.
You are frozen.
You are too injured to fight recklessly!
You are too injured to fight recklessly!
Aiming: Sting (safe; 8% risk of failure)
Press: ? - help, Q - select action, (/) - cycle Shift-Dir - straight line, f - endoplasm
Aim: an endoplasm (moderately wounded, 97% to hit)
The sting hits the endoplasm.
The endoplasm partially resists.
The endoplasm is poisoned.
The endoplasm is heavily wounded.
The endoplasm freezes you.
You are frozen.
You die...

....♣♣#.............
....♣ #.#.....#...#
...♣♣ #.#.....#...# ...♣
#.#...[.#...#.#.#. ...♣
#.#............... ...♣
#.#.#.....#.#..... ...#
##.....###.#.#.....
...###.....####.#.......
...##>..........@J......
...#..........#..†!.....
#..#.####.....#####.....
#..#.# #.....# ....
#..#.# #####.# ...
#....# .# .. ###### .


You could see an endoplasm (poisoned).

Vanquished Creatures
  A ball python (D:1)
  A quokka (D:1)
2 creatures vanquished.

Notes
Turn   | Place    | Note
-------+----------+-------------------------------------------
     0 | D:1      | Bnni the Formicid Venom Mage began the quest for the Orb.
     0 | D:1      | Reached XP level 1. HP: 13/13 MP: 3/3
   174 | D:1      | Frozen to death by an endoplasm

Illustrated notes

Levels and vault maps discovered:
D:1:      sevenhm_arrival_forest_fort_large_4, layout_basic

Action                     || total
---------------------------++-------
  Melee: Club              ||     4
         Unarmed           ||     2
   Cast: Sting             ||     4
   Stab: Sleeping          ||     1
 Armour: Robe              ||     1
  Dodge: Dodged            ||    10

Table legend: (Time is in decaauts)
 A = Elapsed time spent in this place.
 B = Non-inter-level travel time spent in this place.
 C = Inter-level travel time spent in this place.
 D = Time resting spent in this place.
 E = Time spent auto-exploring this place.
 F = Levels seen in this place.
 G = Mean time per level.
                   A        B        C        D        E       F      G
               +--------+--------+--------+--------+--------+-----+--------+
         Total |    174 |    162 |     12 |      0 |    131 |   1 |  174.0 |
       Dungeon |    174 |    162 |     12 |      0 |    131 |   1 |  174.0 |
               +--------+--------+--------+--------+--------+-----+--------+

Top non-repeatable levels by time:
     D:1: 174 daAuts
